 Dungeon Crawl Stone Soup version 0.25-a0-35-g747a2b3c0c (webtiles) character file.

Game seed: 16064250587674210471, levelgen mode: deterministic

2598 DeadButTrue the Geomancer (level 9, -2/56 HPs)
             Began as a Gargoyle Earth Elementalist on Oct 19, 2019.
             Was a Follower of Vehumet.
             Slain by an orc warrior
             ... wielding a +0 flail
              (21 damage)
             ... on level 7 of the Dungeon.
             The game lasted 00:25:08 (6378 turns).

DeadButTrue the Geomancer (GrEE)                    Turns: 6378, Time: 00:25:08

Health: -2/56      AC: 10    Str: 13    XL:     9   Next: 59%
Magic:  0/17       EV: 12    Int: 18    God:    Vehumet [*.....]
Gold:   82         SH:  0    Dex: 14    Spells: 7/19 levels left

rFire    . . .     SeeInvis .   u - +7 mace "Killer Bee's Foe" {pain, +Fly rPois Dex+4}
rCold    . . .     Gourm    .   (no shield)
rNeg     + . .     Faith    .   c - +0 robe
rPois    ∞         Spirit   .   j - +0 helmet
rElec    +         Reflect  .   r - +0 cloak {rPois}
rCorr    .         Harm     .   (no gloves)
MR       .....                  (no boots)
Stlth    ++........             (no amulet)
HPRegen  0.18/turn              (no ring)
MPRegen  0.15/turn              (no ring)

@: very slightly contaminated
A: negative energy resistance 1, electricity resistance, unbreathing,
petrification resistance, rot immunity, AC +6
a: Renounce Religion, Evoke Flight


You were on level 7 of the Dungeon.
You worshipped Vehumet.
Vehumet was aware of your devotion.
You were hungry.

You visited 2 branches of the dungeon, and saw 8 of its levels.

You collected 319 gold pieces.
You spent 237 gold pieces at shops.

Inventory:

Hand Weapons
 u - the +7 mace "Killer Bee's Foe" (weapon) {pain, +Fly rPois Dex+4}
   (You found it on level 5 of the Dungeon)

   In the hands of one skilled in necromantic magic, it inflicts extra damage on
   living creatures.
   It affects your dexterity (+4).
   It protects you from poison.
   It lets you fly.
Missiles
 b - 111 stones (quivered)
Armour
 c - a +0 robe (worn)
 d - the +6 buckler of Chimes {Int-5 Dex+2 SInv}
   (You bought it in a shop on level 4 of the Dungeon)

   It affects your intelligence (-5).
   It affects your dexterity (+2).
   It lets you see invisible.
 j - a +0 helmet (worn)
   (You found it on level 1 of the Dungeon)
 r - a +0 cloak of poison resistance (worn)
   (You took it off Crazy Yiuf on level 5 of the Dungeon)
Wands
 p - a wand of polymorph (8)
   (You found it on level 2 of the Dungeon)
Scrolls
 a - 2 scrolls of amnesia
 m - 2 scrolls of remove curse {@r2}
 o - 3 scrolls of magic mapping
 q - a scroll of teleportation {@r4}
 s - a scroll of fog
Potions
 e - a potion of curing {@q1}
 h - a potion of brilliance {unknown}
 i - 2 potions of agility
 k - 2 potions of cancellation
 l - 2 potions of mutation {!q}
 n - a potion of might {unknown}
 t - a potion of ambrosia {unknown}
Comestibles
 f - 10 rations {!d}
 g - a chunk of flesh


   Skills:
 + Level 6.5 Fighting
 - Level 1.5 Dodging
 - Level 2.1 Stealth
 + Level 2.0 Shields
 + Level 5.8 Spellcasting
 + Level 6.1 Conjurations
   Level 0.7 Transmutations
 + Level 1.8 Air Magic
 + Level 8.1 Earth Magic
 + Level 2.2 Poison Magic


You had 7 spell levels left.
You knew the following spells:

 Your Spells              Type           Power        Failure   Level  Hunger
A - Sandblast             Erth           ####..       1%          1    None
B - Stone Arrow           Conj/Erth      ####..       1%          3    ##.....
C - Mephitic Cloud        Conj/Pois/Air  ###.....     9%          3    ##.....
D - Lee's Rapid Deconstr  Erth           ####......   12%         5    #####..

Your spell library contained the following spells:

 Spells                   Type           Power        Failure   Level  Hunger
 Flame Tongue             Conj/Fire      ###..        3%          1    None
 Sting                    Conj/Pois      ###.         2%          1    None
 Passwall                 Tmut/Erth      ###.....     3%          2    None
 Poisonous Vapours        Pois/Air       ##....       8%          2    None
 Petrify                  Tmut/Erth      ###.....     21%         4    ####...
 Olgreb's Toxic Radiance  Pois           ##......     43%         4    ####...
 Venom Bolt               Conj/Pois      ###.......   52%         5    #####..


Dungeon Overview and Level Annotations

Branches:
Dungeon (7/15)             Temple (1/1) D:5

Altars:
Ashenzari
Cheibriados
Dithmenos
Elyvilon
Fedhas
Gozag
Hepliaklqana
Kikubaaqudgha
Makhleb
Nemelex Xobeh
Okawaru
Qazlal
Ru
Sif Muna
Trog
Uskayaw
Vehumet
Wu Jian
Xom
Yredelemnul
Zin
The Shining One

Shops:
D:4 [


Innate Abilities, Weirdness & Mutations

You are resistant to torment.
Your stone body is resilient. (AC +6)
You are immune to poison.
You resist negative energy. (rN+)
You are resistant to electric shocks. (rElec)
You can survive without breathing.
You are immune to petrification.
You are immune to rotting.


Message History

The orc warrior hits you with a +0 flail!
You hit the bullfrog.
The bullfrog is engulfed in noxious fumes.
The bullfrog hits you but does no damage.
The orc is engulfed in noxious fumes.
The orc appears confused.
The orc warrior hits you with a +0 flail!!
* * * LOW HITPOINT WARNING * * *
The bullfrog is engulfed in noxious fumes.
The bullfrog closely misses the orc warrior.
You are too injured to fight recklessly!
The bullfrog is engulfed in noxious fumes.
The orc is engulfed in noxious fumes.
Aim: an orc warrior, wielding a +0 flail and wearing a +0 plate armour
Okay, then.
Unknown command.
A rock wall.
You miscast Lee's Rapid Deconstruction.
Nothing appears to happen.
You are feeling hungry.
The bullfrog hits you but does no damage.
The bullfrog hits something.
You are too injured to fight recklessly!
You are too injured to fight recklessly!
You are too injured to fight recklessly!
The blast of sand hits the bullfrog!
You kill the bullfrog!
Vehumet accepts your kill.
b - 111 stones The stone arrow hits the orc warrior.
The orc warrior barely misses you.
The stone arrow hits the orc warrior!
The orc warrior hits you with a +0 flail!
* * * LOW HITPOINT WARNING * * *
You don't have enough magic to cast that spell.
The orc warrior resists with some effort.
There is a stone staircase leading down here.
You feel better.
The orc warrior hits you with a +0 flail!
* * * LOW HITPOINT WARNING * * *
You feel better. The orc warrior closely misses you.
The orc screams, "I'll kill you anyway!"
Okay, then.
Okay, then.
Aim: an orc warrior, wielding a +0 flail and wearing a +0 plate armour (severely wounded, chance to defeat MR: 46%)
The orc warrior resists with some effort.
The orc warrior misses you.
There is an open door here.
Aim: an orc warrior, wielding a +0 flail and wearing a +0 plate armour (severely wounded)
You miscast Mephitic Cloud.
You are momentarily dazzled by a flash of light!
The orc warrior hits you with a +0 flail!!
You die...

#......#........#....>.#.
#......#........#......#$
#......#........#......#.
#######......######'###......#.
#....####....................#.
#....+..#....................#.
#....#..'....................#,
#......##......o.............##
######....#+##@################
#....#...................#
#.)..'...................'
##....#....###'##.###.##.##
#.....#######..##.#*#.####.
#.....#.........#..+...,,#.
#.....#.........#..#....,#.
***##.....############+#######.
*,,............................


You could see an orc warrior.

Vanquished Creatures
  A water moccasin (D:5)
  2 orc warriors (D:7)
  A phantom (D:7)
  A black bear (D:6)
  A sky beast (D:6)
  6 ogres
  A centaur (D:5)
  4 bullfrogs
  2 scorpions
  A howler monkey (D:4)
  2 crimson imps
  A jelly (D:7)
  Crazy Yiuf (D:5)
  7 orc priests
  9 orc wizards
  A centaur skeleton (D:4)
  2 iguanas
  7 worker ants
  A killer bee zombie (D:6)
  9 adders
  A shadow imp (D:7)
  2 worms
  A dart slug (D:2)
  3 leopard geckos
  30 orcs
  4 bats
  A bat zombie (D:2)
  7 giant cockroaches
  4 goblins
  9 hobgoblins
  3 jackals (D:4)
  4 quokkas
  5 frilled lizards
  9 kobolds
  A quokka skeleton (D:5)
  3 quokka zombies
  10 rats
157 creatures vanquished.

Notes
Turn   | Place    | Note
-------+----------+-------------------------------------------
     0 | D:1      | DeadButTrue the Gargoyle Earth Elementalist began the quest
                  | for the Orb.
     0 | D:1      | Reached XP level 1. HP: 10/10 MP: 3/3
   150 | D:1      | Reached XP level 2. HP: 16/16 MP: 1/5
   215 | D:1      | Reached skill level 1 in Fighting
   391 | D:1      | Reached skill level 4 in Earth Magic
   917 | D:2      | Reached XP level 3. HP: 20/20 MP: 3/6
   922 | D:2      | Learned a level 3 spell: Stone Arrow
  1471 | D:2      | Reached XP level 4. HP: 26/26 MP: 3/8
  1473 | D:2      | Reached skill level 1 in Conjurations
  1961 | D:2      | Reached XP level 5. HP: 30/31 MP: 9/9
  2333 | D:3      | Found a shimmering altar of Xom.
  2945 | D:3      | Reached skill level 5 in Earth Magic
  3067 | D:4      | Found Pasumoh's Antique Armour Shoppe.
  3085 | D:4      | Reached XP level 6. HP: 33/37 MP: 2/11
  3279 | D:4      | Reached XP level 7. HP: 39/42 MP: 1/12
  3453 | D:4      | Reached skill level 6 in Earth Magic
  3799 | D:4      | You fall into a shaft and drop 3 floors!
  3805 | D:7      | Reached XP level 8. HP: 36/48 MP: 5/14
  3980 | D:7      | Reached skill level 5 in Fighting
  4250 | D:7      | Reached skill level 7 in Earth Magic
  4509 | D:6      | Reached skill level 5 in Spellcasting
  4509 | D:6      | Reached skill level 5 in Conjurations
  4651 | D:6      | Learned a level 3 spell: Mephitic Cloud
  4677 | D:5      | Entered Level 5 of the Dungeon
  4743 | D:5      | Reached XP level 9. HP: 55/55 MP: 14/17
  4745 | D:5      | Reached skill level 1 in Poison Magic
  5005 | D:4      | Bought a dazzling buckler for 237 gold pieces
  5010 | D:4      | Identified the +6 buckler of Chimes {Int-5 Dex+2 SInv} (You
                  | bought it in a shop on level 4 of the Dungeon)
  5093 | D:5      | Learned a level 5 spell: Lee's Rapid Deconstruction
  5124 | D:5      | Noticed Eustachio
  5125 | D:5      | Noticed Eustachio
  5125 | D:5      | Eustachio changed into Eustachio the iguana
  5128 | D:5      | Killed Eustachio the iguana
  5128 | D:5      | Reached skill level 1 in Air Magic
  5168 | D:5      | Found a runed translucent door.
  5169 | D:5      | Noticed Crazy Yiuf
  5178 | D:5      | Killed Crazy Yiuf
  5190 | D:5      | Got a steaming mace
  5191 | D:5      | Identified the +7 mace "Killer Bee's Foe" {pain, +Fly rPois
                  | Dex+4} (You found it on level 5 of the Dungeon)
  5242 | D:5      | Reached skill level 1 in Shields
  5387 | D:5      | Found a staircase to the Ecumenical Temple.
  5397 | Temple   | Entered the Ecumenical Temple
  5436 | Temple   | Became a worshipper of Vehumet
  5880 | D:6      | Reached skill level 8 in Earth Magic
  6351 | D:7      | Reached * piety under Vehumet
  6351 | D:7      | Offered knowledge of Flame Tongue by Vehumet.
  6378 | D:7      | Slain by an orc warrior

Levels and vault maps discovered:
D:1:      nicolae_arrival_somewhat_less_tricky_arrival, layout_loops_ring
D:2:      minmay_chambers_of_twos, layout_basic
D:3:      layout_loops_corners, xom_butterflies, first_ration
D:4:      layout_cave_pools, serial_shops, shop
D:5:      layout_gridville, minmay_temple_entry_statues_fountains,
          uniq_eustachio, uniq_crazy_yiuf_cottage
D:6:      layout_rooms
D:7:      layout_gridville
Temple:   compressed_dpeg_circular_temple

Skill      XL: |  1  2  3  4  5  6  7  8  9 |
---------------+----------------------------+-----
Fighting       | 1 2 3 4 5 6 |  6.5
Earth Magic    | 4 5 6 7 8 |  8.1
Conjurations   | 1 2 3 4 5 6 |  6.1
Spellcasting   | 3 4 5 |  5.8
Poison Magic   | 2 |  2.2
Air Magic      | 1 |  1.8
Shields        | 2 |  2.0
Dodging        | |  1.5
Stealth        | |  2.1
Transmutations | |  0.7

Action                   |  1- 3 |  4- 6 |  7- 9 || total
-------------------------+-------+-------+-------++-------
Melee: Spear             |    45 |    88 |    71 ||   204
       Mace              |       |       |    69 ||    69
 Cast: Sandblast         |    34 |    43 |   109 ||   186
       Stone Arrow       |     1 |     3 |    12 ||    16
       Mephitic Cloud    |       |       |     2 ||     2
       Lee's Rapid Decon |       |       |     1 ||     1
Evoke: Wand              |       |       |     6 ||     6
  Use: Scroll            |       |       |    16 ||    16
       Potion            |       |       |     6 ||     6
 Stab: Sleeping          |     3 |     6 |     1 ||    10
       Distracted        |     1 |       |       ||     1
  Eat: Chunk             |     2 |     6 |    11 ||    19
Armor: Robe              |    12 |    36 |   115 ||   163
Dodge: Dodged            |    25 |    67 |   161 ||   253

Table legend:
 A = Non-vault XP
 B = Vault XP
 C = Vault XP percentage of total XP
 D = Non-vault monster count
 E = Vault monster count
 F = Vault count percentage of total count
                 A         B        C        D         E       F
            +---------+---------+-------+---------+---------+-------
      Total |    3604 |     108 |   2.9 |     147 |      10 |   6.4
            +---------+---------+-------+---------+---------+-------
        D:1 |      31 |       0 |   0.0 |      20 |       0 |   0.0
        D:2 |     133 |      29 |  17.9 |      24 |       8 |  25.0
        D:3 |      72 |       0 |   0.0 |      16 |       0 |   0.0
        D:4 |     882 |       0 |   0.0 |      24 |       0 |   0.0
        D:5 |     731 |      79 |   9.8 |      17 |       2 |  10.5
        D:6 |     893 |       0 |   0.0 |      29 |       0 |   0.0
        D:7 |     862 |       0 |   0.0 |      17 |       0 |   0.0
            +---------+---------+-------+---------+---------+-------
